 Dungeon Crawl Stone Soup version 0.19.0-22-gd96e5fe (webtiles) character file.

127 smedtjen the Firebug (level 4, -2/27 HPs)
             Began as a High Elf Fire Elementalist on Nov 19, 2016.
             Slain by an orc
             ... wielding a +0 trident
              (10 damage)
             ... on level 3 of the Dungeon.
             The game lasted 00:15:02 (3521 turns).

smedtjen the Firebug (High Elf Fire Elementalist)   Turns: 3521, Time: 00:15:05

Health: -2/27      AC:  5    Str:  7    XL:     4   Next: 85%
Magic:  2/10       EV: 13    Int: 20    God:
Gold:   89         SH:  0    Dex: 15    Spells: 2 memorised, 7 levels left

rFire  . . .     SeeInvis .     d - +1 short sword
rCold  . . .     Gourm    .     a - +0 robe
rNeg   . . .     Faith    .     (no shield)
rPois  .         Spirit   .     (no helmet)
rElec  .         Reflect  .     e - +1 cloak
rCorr  .         Harm     .     o - +0 pair of gloves
MR     .....                    (no boots)
Stlth  ++........               (no amulet)
                                (no ring)
                                (no ring)

@: no status effects
A: no striking features
a: no special abilities


You were on level 3 of the Dungeon.
You were not hungry.

You visited 1 branch of the dungeon, and saw 3 of its levels.

You collected 89 gold pieces.

Inventory:

Hand Weapons
 d - a +1 short sword (weapon)
 p - a cursed -1 battleaxe
 v - a +2 quarterstaff of chaos
 w - a +4 mace
Missiles
 f - 12 stones (quivered)
 j - a throwing net
Armour
 a - a +0 robe (worn)
 e - a +1 cloak (worn)
 o - a +0 pair of gloves (worn)
Scrolls
 k - 2 scrolls of remove curse
 m - a scroll of enchant weapon
 n - a scroll of noise {unknown}
 r - a scroll of teleportation {unknown}
 s - a scroll of recharging {unknown}
Potions
 g - 3 potions of might
 h - a potion of brilliance {unknown}
 i - a potion of curing {unknown}
 l - a potion of berserk rage {unknown}
 q - a potion of haste {unknown}
Books
 b - a book of Flames

   Spells                             Type                      Level
   a - Flame Tongue                   Conjuration/Fire             1
   b - Throw Flame                    Conjuration/Fire             2
   c - Conjure Flame                  Conjuration/Fire             3
   d - Inner Flame                    Hexes/Fire                   3
   e - Sticky Flame                   Conjuration/Fire             4
   f - Fireball                       Conjuration/Fire             5
Comestibles
 c - 3 chunks of flesh
 u - a bread ration


   Skills:
 + Level 0.2 Fighting
 + Level 0.5 Short Blades
 + Level 2.5 Dodging
 + Level 2.6 Stealth
 + Level 3.9 Spellcasting
 + Level 2.0 Conjurations
 + Level 4.0 Fire Magic


You had 7 spell levels left.
You knew the following spells:

 Your Spells              Type           Power        Failure   Level  Hunger
a - Flame Tongue          Conj/Fire      ###..        3%          1    None
b - Throw Flame           Conj/Fire      ###...       6%          2    ##.....


Dungeon Overview and Level Annotations

Branches:
Dungeon (3/15)

Altars:
Ashenzari
Fedhas
Gozag
Qazlal


Message History

You hit the orc wizard.
The orc wizard is heavily wounded.
The orc hits you but does no damage. The orc wizard barely misses you.
The orc barely misses you.
The orc wizard points at you and mumbles some strange words.
The puff of flame misses you.
The orc hits you from afar with a trident.
* * * LOW HITPOINT WARNING * * *
Casting: Throw Flame
Confirm with . or Enter, or press ? or * to list all spells.
Aiming: Flame Tongue
Press: ? - help, Shift-Dir - straight line, f/p - orc
Aim: an orc, wielding a dagger (heavily wounded)
The flame tongue hits the orc.
The orc is heavily wounded.
The orc hits you but does no damage.
The orc wizard gestures at you while chanting.
You resist with some effort.
The orc hits you from afar with a trident!
You die...

. .## ........... ...
####.........###..#
#............#<#..#
#...#...##..##.#..###.
#...#...##...†.........
#...#...##.#.#.....##.#
#...#...##.#.......##.#
#...#..@.....†........##
#...÷<.oo..#.#.....##...
#.......oo.#.......##..#
###...÷......###.######..#
#................o.o..o..#
###..........###.######..#
####.......# #.# #%.#
#.......# #.# #...
#.......# #.# #o##


You could see an orc wizard and 3 orcs.

Vanquished Creatures
  Crazy Yiuf (D:2)
  2 adders (D:3)
  2 oozes (D:1)
  2 worms (D:2)
  4 dart slugs
  3 leopard geckos (D:2)
  2 orcs (D:3)
  7 bats
  A giant cockroach (D:1)
  8 hobgoblins
  8 kobolds
  2 frilled lizards (D:1)
  8 goblins
  3 rats
53 creatures vanquished.

Notes
Turn   | Place    | Note
-------+----------+-------------------------------------------
     0 | D:1      | smedtjen the High Elf Fire Elementalist began the quest for the Orb.
     0 | D:1      | Reached XP level 1. HP: 11/11 MP: 4/4
   385 | D:1      | Reached XP level 2. HP: 11/17 MP: 0/6
   637 | D:1      | Learned a level 2 spell: Throw Flame
  1166 | D:1      | Reached XP level 3. HP: 21/21 MP: 6/8
  2211 | D:2      | Found a shattered altar of Ashenzari.
  2213 | D:2      | Found an opulent altar of Gozag.
  2214 | D:2      | Found a blossoming altar of Fedhas.
  2222 | D:2      | Found a stormy altar of Qazlal.
  2635 | D:2      | Reached XP level 4. HP: 7/27 MP: 0/10
  3039 | D:2      | Found a runed door.
  3183 | D:2      | Noticed Crazy Yiuf
  3192 | D:2      | Killed Crazy Yiuf
  3397 | D:3      | Reached skill level 4 in Fire Magic
  3521 | D:3      | Slain by an orc

Skill      XL: |  1  2  3  4 |
---------------+-------------+-----
Spellcasting   | 3 |  3.9
Conjurations   | 2 |  2.0
Fire Magic     | 4 |  4.0
Fighting       | |  0.2
Short Blades   | |  0.5
Dodging        | |  2.5
Stealth        | |  2.6

Action                   |  1- 3 |  4- 6 || total
-------------------------+-------+-------++-------
Melee: Short sword       |    26 |    12 ||    38
 Cast: Flame Tongue      |    58 |    15 ||    73
       Throw Flame       |    16 |    11 ||    27
  Use: Scroll            |     3 |     1 ||     4
 Stab: Sleeping          |       |     1 ||     1
  Eat: Chunk             |     6 |       ||     6
       Bread ration      |       |     1 ||     1
Armor: Robe              |    11 |     8 ||    19
Dodge: Dodged            |    42 |    24 ||    66
